 Dungeon Crawl Stone Soup version 0.28-a0-384-g9e0c098162 (webtiles) character file.

Game seed: 17265357645186450595

31 Leszczynek the Chopper (level 3, -5/28 HPs)
             Began as a Human Gladiator on Sept 2, 2021.
             Killed by divine providence
             ... invoked by an orc priest
              (10 damage)
             ... on level 3 of the Dungeon.
             The game lasted 00:04:09 (544 turns).

Leszczynek the Chopper (Human Gladiator)             Turns: 544, Time: 00:04:09

Health: -5/28      AC:  5    Str: 14    XL:     3   Next: 40%
Magic:  3/3        EV: 12    Int:  9    God:
Gold:   47         SH:  0    Dex: 14    Spells: 2/2 levels left

rFire   . . .      SeeInvis .   a - +0 war axe
rCold   . . .      Faith    .   (no shield)
rNeg    . . .      Spirit   .   b - +0 leather armour
rPois   .          Reflect  .   c - +0 helmet
rElec   .          Harm     .   h - +0 cloak
rCorr   .          Rampage  .   (no gloves)
Will    .....                   (no boots)
Stlth   +.........              (no amulet)
HPRegen 0.09/turn               (no ring)
MPRegen 0.08/turn               (no ring)

@: brilliant
A: no striking features
a: no special abilities


You were on level 3 of the Dungeon.
You visited 1 branch of the dungeon, and saw 3 of its levels.

You collected 47 gold pieces.

Inventory:

Hand Weapons
 a - a +0 war axe (weapon)
 m - a +4 dagger
Missiles
 d - 2 throwing nets (quivered)
 f - 40 stones
 j - 27 poisoned darts
 k - 25 arrows
 l - 15 bolts
Armour
 b - a +0 leather armour (worn)
 c - a +0 helmet (worn)
 h - a +0 cloak (worn)
Scrolls
 g - a scroll of immolation {unknown}
 i - a scroll of amnesia {unknown}
Potions
 e - a potion of brilliance


   Skills:
 + Level 2.5 Fighting
 * Level 3.9 Axes
 - Level 2.0 Throwing
 - Level 3.0 Dodging


You had 2 spell levels left.
You didn't know any spells.
Your spell library was empty.

Dungeon Overview and Level Annotations

Branches:
Dungeon (3/15)

Altars:


Message History

You hit the quokka but do no damage.
The quokka is severely wounded.
The quokka barely misses you. x2
You hit the quokka.
You kill the quokka!
No target in view!
No target in view!
Found an escape hatch in the ceiling.
The goblin shouts!
You see here a +4 dagger.
m - a +4 dagger The goblin misses you.
The goblin hits you with a +0 club.
You closely miss the goblin. The goblin misses you.
The goblin hits you with a +0 club.
You closely miss the goblin. The goblin closely misses you.
You slash the goblin!
You kill the goblin!
You see here a +0 club.
An orc comes into view. It is wielding a +0 mace.
The orc shouts!
Okay, then.
You closely miss the orc priest.
The orc priest hits you with a +0 hand axe.
It was a potion of brilliance.
You feel clever all of a sudden.
The orc priest hits you with a +0 hand axe!
* * * LOW HITPOINT WARNING * * *
You hit the orc priest.
The orc priest is moderately wounded.
The orc priest casts a cantrip, but nothing happens.
You closely miss the orc priest.
The orc priest is moderately wounded.
The orc priest closely misses you.
You slash the orc priest!
The orc priest is almost dead.
You hit the orc. The orc closely misses you.
The orc priest invokes the aid of Beogh against you.
Beogh smites you!
You die...

#.....#..##.#######...#
#.................)...#
..###.#..##..######...#
#.#..###.## #...# #
#.<# #..# #...# #..
##.# ...# #.# ...# #.##
...# #o@# ...# ##o# ...
..... ......# .....#.#
......#.. ...........


You could see an orc priest and an orc.

Vanquished Creatures
  An adder (D:3)
  An orc (D:3)
  2 endoplasms
  A giant cockroach (D:1)
  3 jackals (D:2)
  2 quokkas
  A ball python (D:1)
  2 bats
  3 goblins
  2 kobolds (D:2)
  3 rats (D:1)
21 creatures vanquished.

Notes
Turn   | Place    | Note
-------+----------+-------------------------------------------
     0 | D:1      | Leszczynek the Human Gladiator began the quest for the Orb.
     0 | D:1      | Reached XP level 1. HP: 16/16 MP: 1/1
     3 | D:1      | You fall into a shaft and drop 1 floor!
     5 | D:2      | uh huh
    61 | D:1      | Reached XP level 2. HP: 19/22 MP: 2/2
   304 | D:3      | Reached XP level 3. HP: 18/28 MP: 3/3
   541 | D:3      | HP: 4/28 [orc priest (7)]
   544 | D:3      | Killed from afar by an orc priest

Illustrated notes

# #^ # ##. .
#.#..
#..##.#.#####..
...............
#..@#
#............
###.#.#####.#
#.#(# # ... .#.
. # #.


Turn 5 on D:2: uh huh

Levels and vault maps discovered:
D:1:      dpeg_arrival_stone_temple_mockup, layout_loops_corners,
          dreamdust_ecumenical_altar_drowned_temple, st_stairs_1
D:2:      layout_rooms
D:3:      layout_basic, fedhas_altar_4

Action                   || total
-------------------------++-------
Melee: War axe           ||    80
Throw: Throwing net      ||     3
  Use: Potion            ||     1
 Stab: Sleeping          ||     2
       Held in net/web   ||     1
Armor: Leather armour    ||    30
Dodge: Dodged            ||    60

Table legend: (Time is in decaauts)
 A = Elapsed time spent in this place.
 B = Non-inter-level travel time spent in this place.
 C = Inter-level travel time spent in this place.
 D = Time resting spent in this place.
 E = Time spent auto-exploring this place.
 F = Levels seen in this place.
 G = Mean time per level.
                   A        B        C        D        E       F      G
               +--------+--------+--------+--------+--------+-----+--------+
         Total |    599 |    583 |     16 |      0 |      0 |   3 |  199.7 |
       Dungeon |    599 |    583 |     16 |      0 |      0 |   3 |  199.7 |
               +--------+--------+--------+--------+--------+-----+--------+

Top non-repeatable levels by time:
     D:3: 288 daAuts
     D:2: 224 daAuts
     D:1: 85 daAuts
